 Dungeon Crawl Stone Soup version 0.11.0-9-gb634444 (webtiles) character file.

193 kristientier the Chucker (level 4, -1/30 HPs)
             Began as a Sludge Elf Hunter on Nov 23, 2012.
             Slain by an orc wizard
             ... wielding a +0,+2 orcish dagger
              (2 damage)
             ... on Level 4 of the Dungeon.
             The game lasted 00:20:33 (3125 turns).

kristientier the Chucker (Sludge Elf Hunter)        Turns: 3125, Time: 00:20:33

HP  -1/30        AC  3     Str 12      XL: 4   Next: 55%
MP   4/4         EV 12     Int 13      God:
Gold 103         SH  0     Dex 15      Spells:  0 memorised,  3 levels left

Res.Fire  : . . .   See Invis. : .   y - +1,+0 elf short sword
Res.Cold  : . . .   Warding    : .   d - +0 elf leather armour
Life Prot.: . . .   Conserve   : .   (no shield)
Res.Poison: .       Res.Corr.  : .   (no helmet)
Res.Elec. : .       Clarity    : .   (no cloak)
Sust.Abil.: . .     Spirit.Shd : .   (no gloves)
Res.Mut.  : .       Stasis     : .   (no boots)
Res.Rott. : .       Ctrl.Telep.: .   (no amulet)
Saprovore : . . .   Levitation : .   (no ring) Ctrl.Flight: .
                                     (no ring)

@: slightly resistant to hostile enchantments, unstealthy
A: no striking features
a: no special abilities


You were on level 4 of the Dungeon.
You were not hungry.

You visited 1 branch of the dungeon, and saw 4 of its levels.

You collected 83 gold pieces.

Inventory:

Hand weapons
 a - a +0,+0 elven short sword
 b - a +2,+1 elven dagger of protection
 f - a +1,+1 dwarven dagger
 l - a +0,+0 short sword
 m - a +1,+1 dwarven short sword
 o - a +0,+1 orcish dagger
 t - a +0,+0 whip
 u - a -1,+1 orcish dagger
 v - a +0,+0 dagger
 w - a +0,+0 orcish falchion
 x - a +2,+0 elven sabre
 y - a +1,+0 elven short sword (weapon)
 B - a +2,+0 dwarven hand axe of flaming
Missiles
 c - a throwing net [frayed]
 j - 8 darts (quivered)
 k - a throwing net [frayed]
 q - 20 darts of dispersal
Armour
 d - a +0 elven leather armour (worn)
 e - a +0 leather armour
 s - a +0 leather armour
 z - a +0 robe
 A - a +0 orcish ring mail
Comestibles
 g - a choko
 p - an apple
Scrolls
 i - a scroll of fog
 n - 2 scrolls of remove curse
Potions
 h - a potion of agility
 r - a potion of restore abilities


   Skills:
 + Level 2.2 Fighting
 + Level 1.2 Short Blades
 + Level 6.0 Throwing
 + Level 0.6 Armour
 + Level 2.8 Dodging
 + Level 1.2 Stealth
 + Level 0.7 Stabbing
 + Level 1.6 Traps & Doors


You had 3 spell levels left.
You didn't know any spells.

Dungeon Overview and Level Annotations

Branches:
Dungeon (4/27)
 Temple: D:4-7

Altars:


Message History

The orc wizard is heavily wounded.
The orc wizard closely misses you.
The orc wizard glows brightly for a moment.
You hit the orc wizard.
The orc wizard is almost dead.
The orc wizard hits you with an orcish dagger!
* * * LOW HITPOINT WARNING * * *
The orc wizard hits you with an orcish dagger.
* * * LOW HITPOINT WARNING * * *
The orc wizard gestures wildly while chanting.
The orc wizard seems to speed up.
You hit the orc wizard but do no damage.
The orc wizard is almost dead.
The orc wizard hits you with an orcish dagger.
* * * LOW HITPOINT WARNING * * *
Unknown command.
You barely miss the orc wizard.
The orc wizard is almost dead.
The orc wizard hits you with an orcish dagger.
You die...

#$.... #.....#
#....... #.....#
#.....#
#######...?.###
.((((o.oo........
#o#
######@###.###
#..............
###.####.###.###
#...# #.# ##
#...####.###....
#................
#...####.###....
#...# #%# #...#
#.#


You could see 2 orc wizards and an orc.

Vanquished Creatures
  An adder (D:3)
  A giant mite (D:3)
  2 worms
  A giant gecko (D:2)
  2 oozes
  6 orcs (D:3)
  A ball python (D:3)
  A giant cockroach (D:3)
  6 hobgoblins
  2 jackals (D:3)
  8 bats
  4 giant newts
  4 goblins
  8 kobolds
  4 rats
51 creatures vanquished.

Vanquished Creatures (others)
  A ball python (D:2)
  4 toadstools (D:3)
5 creatures vanquished.

Grand Total: 56 creatures vanquished

Notes
Turn   | Place    | Note
--------------------------------------------------------------
     0 | D:1      | kristientier, the Sludge Elf Hunter, began the quest for the Orb.
     0 | D:1      | Reached XP level 1. HP: 14/14 MP: 0/0
    75 | D:1      | Reached skill level 5 in Throwing
   227 | D:1      | Reached XP level 2. HP: 12/19 MP: 2/2
  1132 | D:2      | Reached skill level 1 in Short Blades
  1139 | D:2      | Reached XP level 3. HP: 24/24 MP: 3/3
  1963 | D:3      | Reached skill level 1 in Traps & Doors
  2367 | D:3      | Reached XP level 4. HP: 18/30 MP: 4/4
  2851 | D:3      | Reached skill level 6 in Throwing
  3124 | D:4      | HP: 1/30 [orc wizard/orcish dagger (2)]
  3125 | D:4      | Slain by an orc wizard
